 Dungeon Crawl Stone Soup version 0.16-a0-262-g6fc725f (webtiles) character file.

71 Afay the Changer (level 4, -3/28 HPs)
             Began as an Octopode Transmuter on Aug 24, 2014.
             Killed from afar by an orc wizard (7 damage)
             ... with a magic dart
             ... on Level 3 of the Dungeon.
             The game lasted 00:04:07 (1931 turns).

Afay the Changer (Octopode Transmuter)              Turns: 1931, Time: 00:04:09

HP  -3/28        AC  2     Str  9      XL: 4   Next: 24%
MP   5/8         EV 19     Int 16      God:
Gold 56          SH  0     Dex 17      Spells:  2 memorised,  3 levels left

rFire  . . .     SeeInvis .       - Unarmed
rCold  . . .     Clarity  .     (shield currently unavailable)
rNeg   . . .     rCorr    .     (helmet currently unavailable)
rPois  x         rRot     .     (no amulet)
rElec  .         Spirit   .     (no ring)
SustAb .         Warding  .     (no ring)
rMut   .         Stasis   .     (no ring)
Gourm  .                        (no ring)
MR     .....                    (no ring)
                                (no ring)
                                (no ring)
                                (no ring)

@: spider-form (expiring), not resistant to hostile enchantments, unstealthy
A: almost no armour, amphibious, 8 rings, (constrict 8), (camouflage 0),
(gelatinous body 0)
a: End Transformation


You were on level 3 of the Dungeon.
You were not hungry.
You were in spider-form.
You visited 1 branch of the dungeon, and saw 3 of its levels.

You collected 56 gold pieces.

Inventory:

Missiles
 b - 12 arrows
Comestibles
 a - a bread ration
 h - 2 meat rations
 q - a chunk of rat flesh
Scrolls
 g - a scroll of enchant armour {unknown}
 j - a scroll of random uselessness {unknown}
 k - a scroll of recharging {unknown}
 l - a scroll of noise {unknown}
 n - a scroll of teleportation {unknown}
 p - 3 scrolls of remove curse {unknown}
Potions
 c - 2 potions of flight {unknown}
 e - a potion of agility {unknown}
 f - a potion of curing {unknown}
 i - a potion of mutation {unknown}
 m - a potion of brilliance {unknown}
Books
 d - a book of Changes

   Spells                             Type                      Level
   *Beastly Appendage                 Transmutation                1
   Sticks to Snakes                   Transmutation                2
   *Spider Form                       Transmutation/Poison         3
   Ice Form                           Ice/Transmutation            4
   Blade Hands                        Transmutation                5


   Skills:
 - Level 1.0 Fighting
 - Level 2.0 Dodging
 - Level 1.5 Stealth
 - Level 3.0 Unarmed Combat
 + Level 2.3 Spellcasting
 + Level 3.8 Transmutations
 + Level 0.2 Poison Magic


You had 3 spell levels left.
You knew the following spells:

 Your Spells              Type           Power        Failure   Level  Hunger
a - Beastly Appendage     Trmt           ##....       17%         1    #......
b - Spider Form           Trmt/Pois      #.........   50%         3    ####...


Dungeon Overview and Level Annotations

Branches:
Dungeon (3/15)

Altars:


Innate Abilities, Weirdness & Mutations

You cannot wear most types of armour.
You are amphibious.
You can wear up to eight rings at the same time.
((You can use your tentacles to constrict many enemies at once.))
((Your skin changes colour to match your surroundings (Stealth).))
((Your rubbery body absorbs attacks (AC +1).))


Message History

You hit the orc.
You kill the orc!
The orc closely misses you. The orc hits you with a trident.
Things that are here:
an orc corpse; a bat corpse You hit the orc.
The orc is poisoned.
The orc is heavily wounded.
The orc wizard becomes somewhat translucent.
The orc hits you with a trident.
You hit the orc.
You kill the orc!
You hit the orc wizard.
The orc wizard is lightly wounded.
The orc wizard gestures at you while chanting.
The puff of frost hits you!
* * * LOW HITPOINT WARNING * * *
The orc wizard points at you and mumbles some strange words.
The magic dart hits you!
You die...

... ## .#.$..# #.
..... .#.. ##.## ..#.#
.#..... #...#
...##....>..
#...#######.....# o..
#....sooo#....oo#o..
##.#####...#(......##.
## ##.....####....
##.o..........#
#.......%....##
#...............
#..##..........#. #..#
#..........# ..
#..........#


You could see an orc wizard and 2 orcs.

Vanquished Creatures
  Terence (D:2)
  An adder (D:2)
  2 worms (D:2)
  A giant gecko (D:1)
  An ooze (D:1)
  2 orcs (D:3)
  3 giant cockroaches
  A hobgoblin (D:1)
  5 kobolds
  3 bats
  A giant newt (D:2)
  2 goblins
  3 jackals (D:1)
  A quokka (D:2)
  6 rats (D:2)
33 creatures vanquished.

Notes
Turn   | Place    | Note
--------------------------------------------------------------
     0 | D:1      | Afay, the Octopode Transmuter, began the quest for the Orb.
     0 | D:1      | Reached XP level 1. HP: 13/13 MP: 3/3
   333 | D:1      | Reached XP level 2. HP: 15/18 MP: 4/4
   776 | D:2      | Noticed Terence
   899 | D:2      | Reached skill level 1 in Stealth
   899 | D:2      | Reached XP level 3. HP: 20/23 MP: 6/6
   914 | D:2      | Learned a level 3 spell: Spider Form
   923 | D:2      | Killed Terence
  1176 | D:2      | Reached XP level 4. HP: 6/28 MP: 0/7
  1931 | D:3      | Killed from afar by an orc wizard

Action                   |  1- 3 |  4- 6 || total
-------------------------+-------+-------++-------
Melee: Unarmed           |    70 |    25 ||    95
 Cast: Beastly Appendage |     1 |       ||     1
       Spider Form       |     4 |     1 ||     5
 Stab: Sleeping          |     1 |       ||     1
  Eat: Chunk             |     1 |     3 ||     4
